 Dungeon Crawl Stone Soup version 0.28.0-53-g5a82cb258f (webtiles) character file.

Game seed: 3612686183707414240

2888 DemonSlayer the Arsonist (level 9, -6/62 HPs)
             Began as a Demonspawn Fire Elementalist on Aug 17, 2022.
             Was an Initiate of Cheibriados.
             Mangled by a hornet (10 damage)
             ... on level 7 of the Dungeon.
             The game lasted 00:22:42 (11325 turns).

DemonSlayer the Arsonist (DsFE)                    Turns: 11325, Time: 00:22:43

Health: -6/62      AC: 14    Str: 10    XL:     9   Next: 48%
Magic:  1/19       EV: 12    Int: 22    God:    Cheibriados [......]
Gold:   72         SH:  4    Dex: 14    Spells: 4/21 levels left

rFire   + . .      SeeInvis .   h - +1 halberd (vorpal)
rCold   + . .      Faith    .   (shield currently unavailable)
rNeg    . . .      Spirit   .   e - +2 robe {rC+ rF+}
rPois   .          Reflect  .   (helmet restricted)
rElec   .          Harm     .   (no cloak)
rCorr   .          Rampage  .   (no gloves)
Will    +....                   (no boots)
Stlth   ++........              (no amulet)
HPRegen 0.20/turn               l - +4 ring of protection
MPRegen 0.16/turn               n - ring of willpower

@: lethally poisoned (-6 -> -23), sanguine armoured, slowed, very slow
A: horns 2, foul stench 1, sanguine armour 1, condensation shield
a: Renounce Religion


You were on level 7 of the Dungeon.
You worshipped Cheibriados.
Cheibriados was noncommittal.
You visited 2 branches of the dungeon, and saw 8 of its levels.
You also visited: Sewer.

You collected 262 gold pieces.
You spent 190 gold pieces at shops.

Inventory:

Hand Weapons
 h - a +1 vorpal halberd (weapon)
Missiles
 c - 2 curare-tipped darts
Armour
 e - a +2 robe of resistance (worn)
Jewellery
 l - a +4 ring of protection (left hand)
 n - a ring of willpower (right hand)
Wands
 o - a wand of polymorph (22)
Scrolls
 a - a scroll of enchant armour
 b - a scroll of brand weapon
 d - a scroll of teleportation
 j - a scroll of fear
 m - a scroll of fog
 q - a scroll of magic mapping
 t - a scroll of amnesia
Potions
 f - 2 potions of flight
 i - a potion of lignification {unknown}
 k - a potion of magic {unknown}
 p - 2 potions of curing
 s - a potion of ambrosia {unknown}
 u - a potion of might {unknown}


   Skills:
 + Level 2.3 Fighting
 + Level 3.0 Polearms
 + Level 0.4 Throwing
 + Level 2.8 Dodging
 + Level 3.4 Stealth
 + Level 0.6 Shields
 + Level 6.7 Spellcasting
 + Level 3.9 Conjurations
 + Level 0.6 Hexes
 + Level 8.0 Fire Magic


You had 4 spell levels left.
You knew the following spells:

 Your Spells              Type           Power      Damage    Failure   Level
a - Foxfire               Conj/Fire      100%       2x1d9     1%          1
b - Scorch                Fire           84%        2d9       1%          2
c - Conjure Flame         Conj/Fire      33%        6-21      2%          3
d - Dazzling Flash        Conj/Hex       34%        N/A       10%         3
e - Iskenderun's Mystic   Conj/Tloc      16%        2d5       36%         4
f - Flame Wave            Conj/Fire      33%        2d8       7%          4

Your spell library contained the following spells:

 Spells                   Type           Power      Damage    Failure   Level
 Magic Dart               Conj           96%        1d7       1%          1
 Searing Ray              Conj           48%        2d6       2%          2
 Inner Flame              Hex/Fire       26%        N/A       4%          3
 Fulminant Prism          Conj/Hex       8%         3d7       32%         4
 Starburst                Conj/Fire      16%        6d6       73%         6


Dungeon Overview and Level Annotations

Branches:
Dungeon (7/15)             Temple (1/1) D:6           Sewer (visited)

Altars:
Ashenzari
Cheibriados
Dithmenos
Elyvilon
Fedhas
Gozag
Hepliaklqana
Kikubaaqudgha
Makhleb
Nemelex Xobeh
Okawaru
Ru
Sif Muna
Trog
Uskayaw
Vehumet
Wu Jian
Xom
Yredelemnul
Zin
The Shining One

Shops:
D:3 [   D:5 *   D:6 *


Innate Abilities, Weirdness & Mutations

You have a pair of horns on your head.
You may rarely emit foul miasma when damaged in melee.
When seriously injured, your blood forms armour. (AC +6)
A meltable shield of frost defends you. (SH +4)


Message History

The hornet is severely wounded.
The hornet stings you but does no damage.
The gnoll hits you with a +0 hand axe. The hornet stings you!
You feel yourself slow down.
You closely miss the hornet.
The hornet is severely wounded.
You block the hornet's attack. The gnoll hits you with a +0 hand axe.
Your blood congeals into armour.
The hornet closely misses you. The gnoll hits you but does no damage.
A gnoll sergeant comes into view. It is wielding a +2 spear of venom.
The hornet barely misses you.
The gnoll sergeant shouts!
You hit the hornet but do no damage.
The hornet is severely wounded.
You feel yourself speed up.
You hear a shout!
The hornet stings you!
You feel yourself slow down. The gnoll hits you with a +0 hand axe.
A gnoll comes into view. It is wielding a +0 spear.
The hornet barely misses you.
The gnoll sergeant completely misses you.
You block the gnoll's attack. The hornet closely misses you.
You barely miss the hornet.
The hornet is severely wounded.
You feel yourself speed up. The hornet stings you!
* * * LOW HITPOINT WARNING * * *
You feel yourself slow down.
The gnoll sergeant hits you from afar with a +2 spear of venom.
* * * LOW HITPOINT WARNING * * *
You are lethally poisoned!
The gnoll hits you with a +0 hand axe.
* * * LOW HITPOINT WARNING * * *
The hornet barely misses you.
The gnoll sergeant hits you but does no damage.
You are more poisoned.
The gnoll hits you with a +0 hand axe.
* * * LOW HITPOINT WARNING * * *
The hornet stings you!
You die...

#.#..............
##......$.........
..................
....g.............
..................
###.#.............
#.##.g...##..... #.
#)#.#########
#.##.g@...## #
#....y.....## ##.
###..........#
#..####............# )
#....##............#
..##.##.##............#
......................#
......#..)#.#.........#
.........##.#.........#


You could see a hornet, a gnoll sergeant and 2 gnolls.

Vanquished Creatures
  2 kobold demonologists (D:5)
  Sigmund (D:5)
  A wyvern (D:7)
  A yak (D:7)
  2 ice beasts
  Duvessa (D:4)
  Pargi (Sewer)
  A black bear (D:4)
  6 ogres
  A centaur (D:5)
  A phantom (D:5)
  A kobold brigand (D:5)
  A scorpion (D:3)
  Dowan (D:4)
  2 jellies (D:4)
  3 centaur skeletons
  Terence (D:3)
  4 orc wizards
  A hound skeleton (D:4)
  A hound zombie (D:5)
  A howler monkey zombie (D:7)
  A howler monkey skeleton (D:5)
  6 adders
  6 gnolls
  A river rat (D:3)
  3 white imps
  2 adder skeletons
  6 worms
  3 dart slugs
  11 orcs
  9 endoplasms
  3 giant cockroaches
  3 goblins
  12 hobgoblins
  3 jackals (D:2)
  3 quokkas
  7 ball pythons
  6 bats
  7 frilled lizards
  14 kobolds
  3 rats
  A spectral hobgoblin (D:2)
144 creatures vanquished.

Vanquished Creatures (others)
  A centaur skeleton (D:4)
  453 foxfires
454 creatures vanquished.

Grand Total: 598 creatures vanquished

Notes
Turn   | Place    | Note
-------+----------+-------------------------------------------
     0 | D:1      | DemonSlayer the Demonspawn Fire Elementalist began the
                  | quest for the Orb.
     0 | D:1      | Reached XP level 1. HP: 13/13 MP: 3/3
   307 | D:1      | Reached skill level 3 in Fire Magic
   886 | D:1      | Gained mutation: A meltable shield of frost defends you.
                  | (SH +4) [demonic ancestry]
   886 | D:1      | Reached XP level 2. HP: 19/19 MP: 1/5
   889 | D:1      | Learned a level 2 spell: Scorch
  1971 | D:1      | Reached XP level 3. HP: 24/24 MP: 2/6
  2181 | D:1      | Learned a level 3 spell: Conjure Flame
  2473 | D:2      | Found a faded altar of an unknown god.
  2519 | D:2      | Reached XP level 4. HP: 30/30 MP: 0/7
  2765 | D:2      | Found a shadowy altar of Dithmenos.
  3858 | D:2      | Reached XP level 5. HP: 36/36 MP: 0/8
  4338 | D:2      | Learned a level 3 spell: Dazzling Flash
  4586 | D:3      | Noticed Terence
  4596 | D:3      | Killed Terence
  4597 | D:3      | Reached skill level 1 in Fighting
  4636 | D:3      | Reached skill level 4 in Fire Magic
  4642 | D:3      | Found a glowing drain.
  4650 | Sewer    | Entered a sewer
  4867 | Sewer    | Noticed Pargi
  4872 | Sewer    | Killed Pargi
  4873 | Sewer    | Reached skill level 1 in Polearms
  4873 | Sewer    | Gained mutation: You have a pair of small horns on your
                  | head. [demonic ancestry]
  4873 | Sewer    | Reached XP level 6. HP: 43/43 MP: 3/10
  5275 | D:3      | Found Nimitin's Armour Boutique.
  6023 | D:3      | Gained mutation: When seriously injured, your blood forms
                  | armour. (AC +6) [demonic ancestry]
  6023 | D:3      | Reached XP level 7. HP: 43/48 MP: 1/12
  6290 | D:3      | Found a sparkling altar of Nemelex Xobeh.
  6576 | D:3      | Found a radiant altar of Vehumet.
  6672 | D:3      | Learned a level 4 spell: Iskenderun's Mystic Blast
  6694 | D:4      | Noticed Dowan
  6695 | D:4      | Noticed Duvessa
  6697 | D:4      | Reached skill level 5 in Fire Magic
  7101 | D:4      | You fall into a shaft and drop 3 floors!
  7101 | D:7      | Noticed a hornet
  7126 | D:5      | Entered Level 5 of the Dungeon
  7412 | D:5      | Reached skill level 6 in Fire Magic
  7412 | D:5      | Gained mutation: You may rarely emit foul miasma when
                  | damaged in melee. [demonic ancestry]
  7412 | D:5      | Reached XP level 8. HP: 54/54 MP: 5/15
  7532 | D:5      | Noticed Sigmund
  7535 | D:5      | Killed Sigmund
  7536 | D:5      | Reached skill level 5 in Spellcasting
  7949 | D:5      | Noticed a kobold demonologist
  7956 | D:5      | Noticed a sun demon
  8093 | D:5      | Noticed a kobold demonologist
  8104 | D:5      | Noticed a rust devil
  8105 | D:5      | Noticed an ice devil
  8903 | D:4      | Reached skill level 7 in Fire Magic
  8905 | D:4      | Killed Duvessa
  8909 | D:4      | Killed Dowan
  9691 | D:4      | Learned a level 4 spell: Flame Wave
  9721 | D:5      | Found Atanij's General Store.
  9725 | D:5      | Bought a potion of curing for 33 gold pieces
  9725 | D:5      | Bought 4 curare-tipped darts for 26 gold pieces
  9725 | D:5      | Bought a scroll of fear for 38 gold pieces
  9725 | D:5      | Bought a potion of heal wounds for 55 gold pieces
  9725 | D:5      | Bought a scroll of magic mapping for 38 gold pieces
  9739 | D:5      | Noticed a rust devil
  9880 | D:5      | Noticed an orange demon
  9883 | D:5      | Noticed a sun demon
  9938 | D:5      | Noticed a rust devil
  9939 | D:5      | Noticed an orange demon
  9941 | D:5      | Noticed a soul eater
  9943 | D:5      | Noticed a sun demon
  9950 | D:5      | Killed a kobold demonologist
  9951 | D:5      | Gained mutation: You have a pair of horns on your head.
                  | [demonic ancestry]
  9951 | D:5      | Reached XP level 9. HP: 38/61 MP: 11/18
  9960 | D:5      | Killed a kobold demonologist
 10594 | D:6      | Found a staircase to the Ecumenical Temple.
 10647 | Temple   | Entered the Ecumenical Temple
 10791 | Temple   | Became a worshipper of Cheibriados the Contemplative
 10856 | D:6      | Found Bohaf's Elemental Accessories.
 10892 | D:6      | Found a bloodstained altar of Trog.
 11189 | D:7      | Found an opulent altar of Gozag.
 11257 | D:7      | Paralysed by a hornet for 3 turns
 11310 | D:7      | Reached skill level 8 in Fire Magic
 11325 | D:7      | Mangled by a hornet

Illustrated notes

Levels and vault maps discovered:
D:1:      shiori_arrival_elements, layout_basic, minmay_misc_feat_doors
D:2:      layout_basic, basic_altar, dreamdust_ecumenical_altar_drowned_temple,
          kennysheep_generic_room_11
D:3:      layout_basic, nemelex_dance_club_becter,
          mainiacjoe_overflow_big_doors, serial_shops,
          nicolae_shop_behind_doors, lightli_sewer_entry_pipes,
          kennysheep_cross_room, grunt_ministairs_7, item_on_display_a,
          uniq_terence
D:4:      layout_loops_ring, uniq_duvessa
D:5:      layout_basic, serial_shops, nicolae_shop_hallway_stairs,
          hangedman_abyss_or_decor_slice, uniq_sigmund
D:6:      layout_rooms, bloody_trog, minmay_temple_entry_mist,
          nicolae_elemental_shop
D:7:      minmay_the_grid_octo_tiled_octocenter [minmay_the_grid_octo_focus,
          minmay_the_grid_octo_clover, minmay_the_grid_octo_toaster,
          minmay_the_grid_octo_checkerflower,
          minmay_the_grid_octo_prize_single_spiral,
          minmay_the_grid_square_5x5_empty, minmay_the_grid_square_5x5_v,
          minmay_the_grid_square_5x5_trominoes,
          minmay_the_grid_square_5x5_slash], layout_rooms,
          grunt_gozag_breadcrumbs, st_stairs_7
Temple:   regret_index_temple_waves

Skill      XL: |  1  2  3  4  5  6  7  8  9 |
---------------+----------------------------+-----
Fire Magic     | 3 4 6 7 8 |  8.0
Conjurations   | 2 3 |  3.9
Dodging        | 2 |  2.8
Fighting       | 1 2 |  2.3
Polearms       | 1 2 3 |  3.0
Stealth        | 2 3 |  3.4
Spellcasting   | 3 4 6 |  6.7
Throwing       | |  0.4
Shields        | |  0.6
Hexes          | |  0.6

Action                   |  1- 3 |  4- 6 |  7- 9 || total
-------------------------+-------+-------+-------++-------
Melee: Unarmed           |    33 |       |       ||    33
       Halberd           |       |    46 |    70 ||   116
       Headbutt          |       |     3 |    13 ||    16
Throw: Dart              |       |       |     5 ||     5
 Cast: Foxfire           |    98 |   173 |    17 ||   288
       Scorch            |       |    18 |   106 ||   124
       Dazzling Flash    |       |       |     6 ||     6
       Conjure Flame     |       |       |     1 ||     1
  Use: Potion            |     1 |     2 |     6 ||     9
       Scroll            |       |     5 |     9 ||    14
 Stab: Invisible         |       |       |     5 ||     5
Armor: Robe              |     7 |    20 |    53 ||    80
Dodge: Dodged            |    30 |    29 |    81 ||   140
Block: Other             |     4 |     3 |    20 ||    27
